 Dungeon Crawl Stone Soup version 0.30-a0-800-g7c544603b3 (webtiles) character file.

Game seed: 11812744455296682786

14497 Pimp the Covert (level 11, -16/58 HPs)
             Began as a Spriggan Brigand on Feb 21, 2023.
             Was an Elder of Wu Jian.
             Demolished by Sonja
             ... wielding a +1 short sword of distortion
              (18 damage)
             ... on level 12 of the Dungeon.
             The game lasted 00:33:12 (11138 turns).

Pimp the Covert (Spriggan Brigand)                 Turns: 11138, Time: 00:33:13

Health: -16/58     AC: 12    Str:  7    XL:     11   Next: 89%
Magic:  27/27      EV: 33    Int: 13    God:    Wu Jian [****..]
Gold:   732        SH:  0    Dex: 24    Spells: 26/28 levels left

rFire   . . .      SeeInvis +    B - +3 short sword (venom)
rCold   . . .      Faith    .    (no shield)
rNeg    . . .      Spirit   .    J - +0 steam dragon scales
rPois   .          Reflect  .    (helmet restricted)
rElec   +          Harm     .    w - +2 cloak
rCorr   .          Rampage  .    (gloves unavailable)
Will    ++...                    (boots unavailable)
Stlth   ++++++                   E - amulet "Aniurecauh" {rElec Will+ Regen+ Dex+3}
HPRegen 1.09/turn                i - +4 ring of protection
MPRegen 0.20/turn                h - +5 ring of evasion

@: lethally poisoned (-16 -> -17), slowed, quick
A: very small, no large weapons, unfitting armour, see invisible, speed 3, high
MP 1
a: Renounce Religion, Wall Jump, Serpent's Lash


You were on level 12 of the Dungeon.
You worshipped Wu Jian.
Wu Jian was greatly pleased with you.
You visited 2 branches of the dungeon, and saw 13 of its levels.

You collected 732 gold pieces.

Inventory:

Hand Weapons
 a - a +3 dagger
 l - a +2 dagger of venom
 s - a +3 dagger of protection
 u - a +0 dagger
 B - a +3 short sword of venom (weapon)
Missiles
 d - 33 poisoned darts
 e - 3 curare-tipped darts
 m - 2 boomerangs (quivered)
Armour
 b - a +0 robe
 c - a +0 cloak
 w - a +2 cloak (worn)
 y - a +0 cloak
 J - +0 steam dragon scales (worn)
Jewellery
 h - a +5 ring of evasion (right hand)
 i - a +4 ring of protection (left hand)
 n - an amulet of regeneration
 z - an amulet of magic regeneration
 E - the amulet "Aniurecauh" (around neck) {rElec Will+ Regen+ Dex+3}
   (You found it on level 9 of the Dungeon)

   [amulet of regeneration]

   Dex:       It affects your dexterity (+3).
   rElec:     It insulates you from electricity.
   Regen:     It increases your rate of health regeneration.
   Will:      It increases your willpower.
 F - a +4 ring of slaying
 M - a ring of positive energy
Wands
 C - a wand of polymorph (6)
 N - a wand of paralysis (2)
Scrolls
 o - 5 scrolls of fog
 A - 11 scrolls of identify
 K - a scroll of enchant armour {unknown}
 L - a scroll of enchant weapon
Potions
 f - 2 potions of haste
 g - 3 potions of brilliance
 j - 2 potions of might {unknown}
 k - 2 potions of curing
 q - 2 potions of degeneration {unknown}
 r - 2 potions of mutation
 t - a potion of berserk rage {unknown}
 v - 2 potions of heal wounds {unknown}
 x - 6 potions of attraction {unknown}
 D - 2 potions of lignification {unknown}
 H - a potion of cancellation {unknown}
 I - a potion of flight {unknown}


   Skills:
 + Level 7.0 Fighting
 + Level 9.0 Short Blades
 + Level 8.3 Throwing
 + Level 10.5 Dodging
 + Level 13.5 Stealth
 + Level 9.1 Spellcasting


You had 26 spell levels left.
You knew the following spells:

 Your Spells              Type           Power      Damage    Failure   Level
a - Sandblast             Erth           10%        2d5       12%         1
b - Summon Small Mammal   Summ           20%        N/A       12%         1

Your spell library contained the following spells:

 Spells                   Type           Power      Damage    Failure   Level
 Apportation              Tloc           10%        N/A       12%         1
 Necrotise                Necr           20%        1d5       12%         1
 Cigotuvi's Dreadful Rot  Necr/Pois/Air  10%        N/A       19%         2
 Ensorcelled Hibernation  Hex/Ice        10%        N/A       19%         2
 Passwall                 Tmut/Erth      4%         N/A       19%         2
 Poisonous Vapours        Pois/Air       10%        N/A       19%         2
 Gell's Gravitas          Tloc           5%         N/A       36%         3
 Mephitic Cloud           Conj/Pois/Air  5%         N/A       36%         3
 Stone Arrow              Conj/Erth      10%        3d7       36%         3
 Swiftness                Air            5%         N/A       36%         3
 Teleport Other           Tloc           5%         N/A       36%         3
 Animate Armour           Summ/Erth      10%        N/A       77%         4
 Cause Fear               Hex            2%         N/A       77%         4
 Blade Hands              Tmut           2%         N/A       98%         5
 Dispersal                Tloc           2%         N/A       100%        6
 Iron Shot                Conj/Erth      2%         9d2       100%        6
 Dragon Form              Tmut           2%         N/A       100%        7
 Dragon's Call            Summ           2%         N/A       100%        9


Dungeon Overview and Level Annotations

Branches:
Dungeon (12/15)            Temple (1/1) D:5            Lair (0/5) D:11
    Orc (0/2) D:9

Altars:
Ashenzari
Cheibriados
Dithmenos
Elyvilon
Fedhas
Gozag
Hepliaklqana
Kikubaaqudgha
Nemelex Xobeh
Okawaru
Qazlal
Ru
Sif Muna
Trog
Uskayaw
Vehumet
Wu Jian
Xom
Yredelemnul
Zin
The Shining One

Shops:
D:11 (

Annotations:
D:7 3 runed translucent doors, GiantSquids's ghost, novice VSBe
D:8 2 runed translucent doors, Pimp's ghost, novice DsFi
D:12 Sonja


Innate Abilities, Weirdness & Mutations

You are very small and have problems with some larger weapons.
You are too small for most types of armour.
You have supernaturally acute eyesight. (SInv)
You cover ground extremely quickly. (Speed+++)
You have an increased reservoir of magic. (+10% MP)


Message History

Sonja hits you with a +1 short sword of distortion.
Space warps horribly around you!! Sonja misses you.
You hit Sonja.
Sonja is poisoned.
Sonja is lightly wounded.
You completely miss Sonja.
Sonja is lightly wounded.
You barely miss Sonja.
Sonja is lightly wounded.
Sonja barely misses you. Sonja misses you. Sonja completely misses you.
You barely miss Sonja.
Sonja is moderately wounded.
Sonja barely misses you. Sonja completely misses you. x2
You feel better.
Sonja gestures wildly while chanting.
Sonja blinks!
You miss Sonja.
Sonja is moderately wounded.
Sonja says, "I'm academy-trained, you know."
Sonja barely misses you. Sonja completely misses you. Sonja closely misses you.
You miss Sonja.
Sonja is moderately wounded.
You closely miss Sonja.
Sonja is moderately wounded.
Sonja hits you but does no damage. Space warps horribly around you!!
* * * LOW HITPOINT WARNING * * *
Sonja completely misses you. x2
Sonja throws a curare-tipped dart.
The curare-tipped dart hits you.
You are poisoned.
You have difficulty breathing.
* * * LOW HITPOINT WARNING * * *
You feel yourself slow down.
As you read the scroll of fog, it crumbles to dust.
The scroll dissolves into smoke.
* * * LOW HITPOINT WARNING * * *
You feel very sick.
Sonja gestures wildly while chanting.
Sonja blinks!
Sonja hits you but does no damage. Space warps around you.
* * * LOW HITPOINT WARNING * * *
Sonja hits you but does no damage. Space warps horribly around you!!
You die...

#.##### #.# #
#.# ####.##.#
........# ####
^...###.#....#
.. ###.#....#
#§§§§§...#
#.#@###'##
#.#K§§# #
#.#§# #.#...
#.##### ..#
###


You could see Sonja (very poisoned).

Vanquished Creatures
  4 two-headed ogres
  A boulder beetle (D:11)
  2 cyclopes
  A manticore (shapeshifter) (D:10)
  2 manticores
  A komodo dragon (D:11)
  A troll (D:10)
  A hornet (D:9)
  A wraith (D:10)
  21 yaks
  A shadow (D:10)
  2 wyverns
  4 humans (D:10)
  2 steam dragons
  6 vampire mosquitoes
  A water moccasin (D:5)
  2 orc warriors
  A sky beast (D:7)
  A black bear (D:5)
  2 ogres (D:5)
  2 centaurs
  A phantom (D:7)
  Blork the orc (D:5)
  3 kobold brigands (D:8)
  8 bullfrogs
  3 gnoll sergeants
  2 scorpions (D:5)
  2 necrophages
  4 wights
  9 killer bees
  2 howler monkeys
  A jelly (D:5)
  2 hounds
  4 orc priests
  Jessica (D:2)
  Crazy Yiuf (D:4)
  9 iguanas
  8 orc wizards
  Ijyb (D:5)
  Robin (D:2)
  4 adders
  17 gnolls
  2 shadow imps
  A white imp (D:8)
  An ufetubus (D:5)
  2 dart slugs
  31 orcs
  3 bats (D:1)
  4 endoplasms
  2 giant cockroaches
  15 goblins
  7 hobgoblins
  4 jackals
  A quokka (D:4)
  7 ball pythons
  A frilled lizard (D:2)
  10 kobolds
  4 rats
238 creatures vanquished.

Vanquished Creatures (collateral kills)
  An orc warrior (D:10)
1 creature vanquished.

Vanquished Creatures (others)
  7 fungi (D:2)
  12 plants
19 creatures vanquished.

Grand Total: 258 creatures vanquished

Notes
Turn   | Place    | Note
-------+----------+-------------------------------------------
     0 | D:1      | Pimp the Spriggan Brigand began the quest for the Orb.
     0 | D:1      | Reached XP level 1. HP: 10/10 MP: 2/2
   162 | D:1      | Reached skill level 6 in Stealth
   199 | D:1      | Reached XP level 2. HP: 15/15 MP: 3/3
  1016 | D:2      | Noticed Jessica
  1039 | D:1      | Reached XP level 3. HP: 18/18 MP: 4/4
  1161 | D:2      | Killed Jessica
  1257 | D:2      | Reached XP level 4. HP: 23/23 MP: 5/5
  1629 | D:2      | Noticed Robin
  1650 | D:2      | Killed Robin
  1687 | D:2      | Learned a level 1 spell: Sandblast
  1730 | D:2      | Found a faded altar of an unknown god.
  1986 | D:3      | Reached XP level 5. HP: 24/27 MP: 6/6
  2112 | D:3      | You fall into a shaft and drop 3 floors!
  2117 | D:5      | Entered Level 5 of the Dungeon
  2118 | D:5      | Noticed an ogre
  2153 | D:5      | Killed an ogre
  2154 | D:5      | Reached skill level 7 in Stealth
  2154 | D:5      | Reached skill level 1 in Spellcasting
  2155 | D:5      | Identified the +7 chain mail of the World {rN+}
  2160 | D:5      | Found a staircase to the Ecumenical Temple.
  2165 | D:5      | Reached XP level 6. HP: 32/32 MP: 7/9
  2182 | D:5      | Noticed Ijyb
  2199 | Temple   | Entered the Ecumenical Temple
  2849 | D:4      | Noticed a steam dragon
  2853 | D:4      | Killed a steam dragon
  2854 | D:4      | Reached XP level 7. HP: 36/36 MP: 11/11
  2957 | D:4      | Found a runed translucent door.
  2958 | D:4      | Noticed Crazy Yiuf
  2965 | D:4      | Killed Crazy Yiuf
  3149 | D:4      | Reached skill level 8 in Stealth
  3263 | D:4      | Found an ornate altar of the Wu Jian Council.
  3270 | D:4      | Found a white marble altar of Elyvilon.
  3278 | D:4      | Became a worshipper of the Wu Jian Council
  3652 | D:5      | Reached skill level 5 in Dodging
  3673 | D:5      | Killed Ijyb
  3735 | D:5      | Noticed Blork the orc
  3739 | D:5      | Reached XP level 8. HP: 41/41 MP: 14/14
  3741 | D:5      | Found a glowing silver altar of Zin.
  3753 | D:5      | Killed Blork the orc
  3778 | D:5      | Found a hide-covered altar of Uskayaw.
  3923 | D:6      | Reached skill level 5 in Short Blades
  4066 | D:6      | Reached skill level 9 in Stealth
  4097 | D:6      | Reached * piety under Wu Jian
  4845 | D:6      | Noticed a cyclops
  4853 | D:6      | Killed a cyclops
  4854 | D:6      | Reached skill level 5 in Throwing
  5100 | D:7      | Reached XP level 9. HP: 46/46 MP: 17/17
  5123 | D:7      | Reached skill level 5 in Spellcasting
  5453 | D:7      | Reached skill level 10 in Stealth
  5585 | D:7      | Reached ** piety under Wu Jian
  5842 | D:7      | Found a runed translucent gate.
  5843 | D:7      | Found a runed translucent gate.
  5844 | D:7      | Found a runed translucent gate.
  5846 | D:7      | Noticed GiantSquids's ghost (novice VSBe)
  6275 | D:8      | Found a large runed translucent door.
  6276 | D:8      | Found a large runed translucent door.
  6338 | D:8      | Noticed Pimp's ghost (novice DsFi)
  6601 | D:8      | Noticed a two-headed ogre
  6756 | D:8      | Found an iron altar of Okawaru.
  6780 | D:8      | Reached skill level 5 in Fighting
  7022 | D:8      | Learned a level 1 spell: Summon Small Mammal
  7321 | D:8      | Killed a two-headed ogre
  7322 | D:8      | Reached skill level 11 in Stealth
  7439 | D:8      | Found a broken altar of Ashenzari.
  7439 | D:8      | Found a blossoming altar of Fedhas.
  7445 | D:8      | Reached XP level 10. HP: 51/51 MP: 20/20
  7530 | D:9      | Identified the amulet "Aniurecauh" {rElec Will+ Regen+
                  | Dex+3}
  7581 | D:9      | Found a snail-covered altar of Cheibriados.
  7582 | D:9      | Found a staircase to the Orcish Mines.
  7951 | D:9      | Noticed a manticore
  7964 | D:9      | Killed a manticore
  8294 | D:9      | Reached *** piety under Wu Jian
  8516 | D:10     | Entered Level 10 of the Dungeon
  8838 | D:10     | Reached skill level 12 in Stealth
  8999 | D:10     | Gained mutation: You have an increased reservoir of magic.
                  | (+10% MP) [potion of mutation]
  9134 | D:10     | Noticed a two-headed ogre
  9159 | D:10     | Killed a two-headed ogre
  9160 | D:10     | Reached XP level 11. HP: 34/56 MP: 25/25
  9675 | D:10     | Noticed a two-headed ogre
  9690 | D:10     | Killed a two-headed ogre
 10084 | D:11     | Noticed a two-headed ogre
 10090 | D:11     | Killed a two-headed ogre
 10090 | D:11     | Reached **** piety under Wu Jian
 10184 | D:11     | Reached skill level 13 in Stealth
 10197 | D:11     | Reached skill level 10 in Dodging
 10247 | D:11     | Noticed a boulder beetle
 10272 | D:11     | Killed a boulder beetle
 10493 | D:11     | Found a staircase to the Lair.
 10579 | D:11     | Found Poboal's Weapon Boutique.
 11105 | D:12     | Noticed Sonja
 11138 | D:12     | HP: 2/58 [Sonja/+1 short sword of distortion (1)]
 11138 | D:12     | Demolished by Sonja

Illustrated notes

Levels and vault maps discovered:
D:1:      onia_arrival_pyramid, layout_basic, amethyst_killhole,
          corexii_hall_statues_x, dreamdust_princess_bridge
D:2:      layout_loops_ring, dreamdust_ecumenical_altar_grove,
          kennysheep_generic_room_9, uniq_robin, uniq_jessica
D:3:      layout_loops_corners, bloody_makhleb, gup_sewer_entry_pipe,
          chequers_serial_rivers_room_a, st_stairs_13,
          hangedman_decor_clover_reticule, minmay_goblin_outpost
D:4:      layout_basic, mainiacjoe_overflow_large_starburst,
          uniq_crazy_yiuf_cottage
D:5:      minmay_angry_zag, layout_cave_pools,
          chequers_temple_overflow_statue_of_worship, minmay_temple_entry_trees,
          uniq_ijyb, uniq_blork_the_orc
D:6:      layout_layer_cave, minmay_microvault
D:7:      layout_layer_cave, biasface_ghost_orc_armoury
D:8:      layout_basic, okawaru_gym_becter, nicolae_overflow_two_pavilions,
          ebering_ghost_disaster_area, serial_bayou_pond_a, st_stairs_11
D:9:      layout_basic, kennysheep_slug_shrine
D:10:     hangedman_cross_stitches, layout_basic, palyth_stone_intersect,
          minmay_variable_closet, minmay_ruffians
D:11:     layout_gridville, david_lair_shrubbed, serial_shops,
          nicolae_shop_behind_doors, david_defended_altar_orc
D:12:     minmay_the_grid_square_5x5_4x4_mashed
          [minmay_the_grid_square_5x5_broken_cross,
          minmay_the_grid_square_5x5_intrusive_squares,
          minmay_the_grid_square_5x5_v, minmay_the_grid_square_5x5_trominoes,
          minmay_the_grid_square_5x5_n,
          minmay_the_grid_square_5x5_prize_rear_guard,
          minmay_the_grid_square_5x5_prize_gold,
          minmay_the_grid_square_5x5_minivault, minmay_the_grid_square_5x5_meh,
          minmay_the_grid_square_5x5_prize_open,
          minmay_the_grid_square_5x5_prize_open,
          minmay_the_grid_square_5x5_corner,
          minmay_the_grid_square_5x5_hourglass,
          minmay_the_grid_square_5x5_bracketed,
          minmay_the_grid_square_5x5_doubleslash,
          minmay_the_grid_square_5x5_three_walls], layout_basic,
          portal_ice_cave_entry_imps, uniq_lodul, uniq_sonja
Temple:   oiseaux_autumnal_temple

Skill      XL: |  1  2  3  4  5  6  7  8  9 10 11 |
---------------+----------------------------------+-----
Stealth        | 6 7 8 9 11 12 13 | 13.5
Dodging        | 2 3 4 5 6 7 9 10 | 10.5
Fighting       | 2 3 4 5 6 7 |  7.0
Short Blades   | 3 4 5 6 8 9 |  9.0
Throwing       | 3 4 5 6 7 8 |  8.3
Spellcasting   | 1 2 3 4 6 7 9 |  9.1

Action                     |  1- 3 |  4- 6 |  7- 9 | 10-12 || total
---------------------------+-------+-------+-------+-------++-------
  Melee: Dagger            |    71 |   127 |   444 |    19 ||   661
         Punch             |       |     1 |     4 |     7 ||    12
         Short sword       |       |       |    15 |   596 ||   611
  Throw: Dart              |    15 |       |       |       ||    15
         Boomerang         |       |       |     9 |    14 ||    23
   Cast: Sandblast         |       |       |     6 |       ||     6
         Summon Small Mamm |       |       |     2 |     3 ||     5
Ability: Lunge             |       |       |    42 |    41 ||    83
         Whirlwind         |       |       |    10 |    20 ||    30
         Wall Jump         |       |       |     1 |     2 ||     3
  Evoke: Wand              |       |       |     7 |       ||     7
    Use: Scroll            |     3 |     3 |     8 |     8 ||    22
         Potion            |       |     1 |     3 |     3 ||     7
   Stab: Sleeping          |     5 |    12 |    23 |    20 ||    60
         Distracted        |       |       |     1 |     3 ||     4
 Armour: Robe              |    12 |    24 |    37 |    20 ||    93
         Steam dragon scal |       |       |       |    16 ||    16
  Dodge: Dodged            |    79 |    79 |   332 |   446 ||   936

Table legend: (Time is in decaauts)
 A = Elapsed time spent in this place.
 B = Non-inter-level travel time spent in this place.
 C = Inter-level travel time spent in this place.
 D = Time resting spent in this place.
 E = Time spent auto-exploring this place.
 F = Levels seen in this place.
 G = Mean time per level.
                   A        B        C        D        E       F      G
               +--------+--------+--------+--------+--------+-----+--------+
         Total |   7310 |   6981 |    329 |    745 |   3764 |  13 |  562.3 |
       Dungeon |   7050 |   6757 |    293 |    671 |   3622 |  12 |  587.5 |
        Temple |    259 |    223 |     36 |     74 |    141 |   1 |  259.0 |
               +--------+--------+--------+--------+--------+-----+--------+

Top non-repeatable levels by time:
    D:10: 964 daAuts
     D:7: 885 daAuts
     D:1: 758 daAuts
     D:8: 730 daAuts
    D:11: 702 daAuts
     D:6: 695 daAuts
     D:9: 687 daAuts
     D:2: 514 daAuts
     D:4: 490 daAuts
     D:5: 426 daAuts
  Temple: 259 daAuts
     D:3: 122 daAuts
    D:12: 71 daAuts
